 Dungeon Crawl Stone Soup version 0.29-a0-340-g6efceafd81 (webtiles) character file.

Game seed: 463421760274372446

7137 spaghetti the Warrior (level 11, -32/146 HPs)
             Began as an Ogre Berserker on Apr 19, 2022.
             Was a Priest of Trog.
             Annihilated by a death knight
             ... wielding a +3 glaive
              (35 damage)
             ... on level 7 of the Dungeon.
             The game lasted 00:20:33 (12535 turns).

spaghetti the Warrior (Ogre Berserker)             Turns: 12535, Time: 00:20:33

Health: -32/146    AC: 12    Str: 23    XL:     11   Next: 10%
Magic:  0/11       EV: 12    Int:  8    God:    Trog [***...]
Gold:   946        SH:  0    Dex: 12    Spells: 10/10 levels left

rFire   . . .      SeeInvis .   I - +2 spear (vorpal) {polearm}
rCold   . . .      Faith    .   (no shield)
rNeg    . . .      Spirit   +   V - +0 steam dragon scales
rPois   .          Reflect  .   (helmet restricted)
rElec   .          Harm     .   (no cloak)
rCorr   .          Rampage  .   (gloves unavailable)
Will    +....                   (boots unavailable)
Stlth   +.........              m - amulet of guardian spirit
HPRegen 0.34/turn               o - +4 ring of protection
MPRegen 0.12/turn               u - +4 ring of slaying

@: about to teleport, on berserk cooldown, hasted and slowed
A: large, unfitting armour, tough skin 1, iridescent scales 1, evolution 1
a: Renounce Religion, Berserk, Trog's Hand


You were on level 7 of the Dungeon.
You worshipped Trog.
Trog was most pleased with you.
You visited 1 branch of the dungeon, and saw 9 of its levels.

You collected 946 gold pieces.


Innate Abilities, Weirdness & Mutations

You are too large for most types of armour.
You have tough skin. (AC +1)
You are partially covered in iridescent scales. (AC +2)
You have hidden genetic potential.


   Skills:
 - Level 20.0 Fighting
 - Level 3.0 Polearms
 + Level 7.4 Throwing
 + Level 7.5 Dodging


You had 10 spell levels left.
You didn't know any spells.
Your spell library contained the following spells:

 Spells                   Type           Power      Damage    Failure   Level
 Beastly Appendage        Tmut           0%         N/A       41%         1
 Magic Dart               Conj           0%         1d3       41%         1
 Call Imp                 Summ           0%         N/A       54%         2
 Corpse Rot               Necr/Air       0%         N/A       54%         2
 Poisonous Vapours        Pois/Air       0%         N/A       54%         2
 Wereblood                Tmut           0%         N/A       54%         2
 Mephitic Cloud           Conj/Pois/Air  0%         N/A       78%         3
 Ozocubu's Armour         Ice            0%         N/A       78%         3
 Spider Form              Tmut/Pois      0%         N/A       78%         3
 Tukima's Dance           Hex            0%         N/A       78%         3
 Passage of Golubria      Tloc           0%         N/A       99%         4
 Metabolic Englaciation   Hex/Ice        0%         N/A       100%        5
 Yara's Violent Unravell  Hex/Tmut       0%         3d3       100%        5
 Simulacrum               Ice/Necr       0%         N/A       100%        6

Inventory:

Hand Weapons
 a - a +0 spear {polearm}
 C - a +0 trident {polearm}
   (You took it off an orc on level 3 of the Dungeon)
 I - a +2 vorpal spear (weapon) {polearm}
   (You took it off a gnoll on level 4 of the Dungeon)
 M - the +4 mace of the Three Visionaries {drain, rF+++ rN++ Str-5 Int-3, mace}
   (You found it on level 5 of the Dungeon)

   A truly terrible weapon, it drains the life of any living foe it strikes.
   Str:       It affects your strength (-5).
   Int:       It affects your intelligence (-3).
   rF:        It renders you almost immune to fire.
   rN:        It greatly protects you from negative energy.
 X - a +0 giant spiked club {mace}
   (You took it off a two-headed ogre on level 8 of the Dungeon)
Missiles
 e - 202 stones (quivered) {throwing}
 v - 6 javelins {throwing}
 z - 11 poisoned darts {throwing}
 B - 13 boomerangs {throwing}
 L - a throwing net {=f!fthrowing}
Armour
 b - a +0 animal skin
 V - +0 steam dragon scales (worn)
   (You found it on level 6 of the Dungeon)
Magical Staves
 J - a staff of cold {forbidden!astaff}
   (You found it on level 4 of the Dungeon)
 P - a staff of death {forbidden!astaff}
   (You found it on level 5 of the Dungeon)
 W - a staff of conjuration {forbidden!a@e2staff}
   (You found it on level 8 of the Dungeon)
Jewellery
 m - an amulet of guardian spirit (around neck)
   (You found it on level 2 of the Dungeon)
 o - a +4 ring of protection (left hand)
   (You found it on level 2 of the Dungeon)
 r - a ring of protection from cold
   (You found it on level 2 of the Dungeon)
 s - a ring of wizardry
   (You found it on level 2 of the Dungeon)
 t - a +6 ring of dexterity
   (You found it on level 2 of the Dungeon)
 u - a +4 ring of slaying (right hand)
   (You found it on level 8 of the Dungeon)
 S - a ring of protection from fire
   (You found it on level 6 of the Dungeon)
Wands
 A - a wand of acid (11)
   (You took it off a kobold on level 3 of the Dungeon)
 T - a wand of iceblast (9)
   (You found it on level 6 of the Dungeon)
Scrolls
 d - 2 scrolls of identify {@r1}
 k - 4 scrolls of teleportation {@r4}
 p - 2 scrolls of immolation {!r!r}
 w - a scroll of noise {!r}
 x - 2 scrolls of amnesia
 y - a scroll of holy word
 F - 3 scrolls of enchant armour
 G - 2 scrolls of vulnerability {!r!r}
 O - 3 scrolls of enchant weapon
 Q - a scroll of magic mapping {!r}
 R - 2 scrolls of fog
Potions
 c - 3 potions of lignification {!q}
 f - a potion of attraction {unknown}
 g - a potion of might {unknown}
 h - 2 potions of degeneration {unknown}
 i - 3 potions of flight {unknown}
 j - 3 potions of curing {unknown}
 l - a potion of cancellation {unknown}
 n - a potion of brilliance {unknown}
 q - 4 potions of heal wounds {unknown}
 E - a potion of berserk rage {unknown}
 K - a potion of invisibility {unknown}
 N - a potion of magic {unknown}
 U - 2 potions of resistance {unknown}

Dungeon Overview and Level Annotations

Branches:
Dungeon (9/15)             Temple (0/1) D:6            Lair (0/6) D:8
    Orc: D:9-12

Altars:
Fedhas
Okawaru
Uskayaw
Wu Jian
Xom
Yredelemnul

Shops:
D:7 *

Annotations:
D:1 exclusion: door

.'.......######go..# .
##...........##Cg..#
#...........##g.).#
#...........##o####
##...........##O..8#
..##.........##....#
...#.#.......##.p..#
.....#.########....#
..#..#.# #.@..######
..#....# #....'....#
..#.#### #....#....#
.......# #....#..))#
.#.....###### #8...#.)))#
.#..........###########'#
#### ............##...#
#....# #...
............##...# #....#
#.## .................#
#†...# #.#


You could see a death knight, a cyclops, a gnoll sergeant, an orc wizard (ally
target) and a friendly ogre (summoned, berserk).


Message History

The eight-headed hydra barely misses you.
The eight-headed hydra bites you.
* * * LOW HITPOINT WARNING * * *
The eight-headed hydra bites you but does no damage.
The eight-headed hydra bites you!
* * * LOW HITPOINT WARNING * * *
The eight-headed hydra bites you!
* * * LOW HITPOINT WARNING * * *
The eight-headed hydra misses you.
The eight-headed hydra closely misses you. 😨 HP[-34] MP[-1]
You take 34 damage, and now have 66/219 hp.
You lost 1 mp, and now have 4/11 mp.
You hit the eight-headed hydra.
Your ogre hits the eight-headed hydra with a +0 giant club!!
You puncture the eight-headed hydra!
The death knight hits you from afar with a +3 glaive!
* * * LOW HITPOINT WARNING * * *
The eight-headed hydra misses you. The eight-headed hydra bites you.
* * * LOW HITPOINT WARNING * * *
The eight-headed hydra bites you but does no damage.
The eight-headed hydra bites you.
* * * LOW HITPOINT WARNING * * *
The eight-headed hydra bites you but does no damage.
The eight-headed hydra bites you.
* * * LOW HITPOINT WARNING * * *
The eight-headed hydra bites you.
* * * LOW HITPOINT WARNING * * *
The eight-headed hydra bites you.
* * * LOW HITPOINT WARNING * * *
😱 HP[-29] MP[-2]
You take 29 damage, and now have 37/219 hp.
You lost 2 mp, and now have 2/11 mp.
Unknown command.
You hit the eight-headed hydra.
Your ogre closely misses the eight-headed hydra.
The death knight hits you from afar with a +3 glaive!!
* * * LOW HITPOINT WARNING * * *
😱 HP[-21] MP[-1]
You take 21 damage, and now have 16/219 hp.
You lost 1 mp, and now have 1/11 mp.
Reach: I) +2 spear (vorpal) {polearm}
Press: ? - help, Dir - move target, f - eight-headed hydra
Aim: an eight-headed hydra (almost dead, ally target, about 14% to evade your +2 vorpal spear)
Okay, then.
You barely miss the eight-headed hydra.
The eight-headed hydra closely misses you.
The eight-headed hydra bites you.
* * * LOW HITPOINT WARNING * * *
The eight-headed hydra bites you!
* * * LOW HITPOINT WARNING * * *
The eight-headed hydra closely misses you.
The eight-headed hydra barely misses you.
The eight-headed hydra bites you but does no damage.
The eight-headed hydra bites you.
* * * LOW HITPOINT WARNING * * *
The eight-headed hydra closely misses you. 😱 HP[-15] MP[-1]
You take 15 damage, and now have 1/219 hp.
You lost 1 mp, and now have 0/11 mp.
Unknown command.
Your ogre hits the eight-headed hydra with a +0 giant club!!
The eight-headed hydra dies!
Trog accepts your kill.
Your Throwing skill increases to level 7! 😱 HP[+1] Unknown command.
You feel a strong urge to attack something.
Your ogre closely misses the gnoll sergeant.
Unknown command.
Unknown command.
You are no longer berserk.
You are exhausted.
You feel yourself slow down.
Your ogre hits the death knight with a +0 giant club!! 😱 HP[-1]
You now have 146 max hp (-73).
Unknown command.
Your ogre closely misses the death knight. 😱 HP[+1]
As you read the scroll of teleportation {@r4}, it crumbles to dust.
You feel strangely unstable.
Your ogre hits the iguana with a +0 giant club!
The iguana bites your ogre!
Your ogre hits the iguana with a +0 giant club!!
The iguana dies!
Trog accepts your kill.
Unknown command.
It was a potion of mutation.
You feel extremely strange.
Iridescent scales grow over part of your body.
You feel a hidden potential growing inside you.
Your ogre closely misses the orc wizard.
The death knight hits you but does no damage.
The orc wizard gestures at you while chanting.
The puff of flame hits your ogre! 😱 HP[+1] It was a potion of haste.
You feel yourself speed up.
Your ogre barely misses the orc wizard.
The death knight hits you from afar with a +3 glaive!!!
You die...

Skill      XL: |  1  2  3  4  5  6  7  8  9 10 11 |
---------------+----------------------------------+-----
Dodging        | 3 4 5 6 7 |  7.5
Fighting       | 5 6 7 9 11 17 20 | 20.0
Throwing       | 1 2 3 5 6 7 |  7.4
Polearms       | |  3.0

Action                   |  1- 3 |  4- 6 |  7- 9 | 10-12 || total
-------------------------+-------+-------+-------+-------++-------
Melee: Spear             |   178 |    65 |   336 |   212 ||   791
       Trident           |       |    97 |       |       ||    97
       Punch             |       |       |     2 |     3 ||     5
Throw: Stone             |    25 |     9 |    31 |    31 ||    96
Invok: Berserk           |     3 |     5 |     8 |     5 ||    21
       Trog's Hand       |       |       |       |     1 ||     1
       Brothers in Arms  |       |       |       |     1 ||     1
Evoke: Wand              |       |       |       |     4 ||     4
  Use: Scroll            |       |       |    14 |     2 ||    16
       Potion            |       |       |       |     2 ||     2
 Stab: Sleeping          |       |       |     2 |       ||     2
Armor: Animal skin       |    49 |    37 |    82 |       ||   168
       Steam dragon scal |       |       |    34 |    89 ||   123
Dodge: Dodged            |    85 |    64 |   156 |   146 ||   451

Levels and vault maps discovered:
D:1:      dpeg_arrival_morbid_curiosity, layout_loops_ring, st_stairs_13
D:2:      minmay_alternating_diamond, layout_basic, basic_altar
D:3:      layout_loops_cross, shapermc_ecumenical_altar_notcrosses,
          dk_noncrumbling_4
D:4:      layout_rooms, nicolae_overflow_hidden_temple
D:5:      layout_basic, uniq_duvessa
D:6:      layout_loops_ring, temple_hall, minmay_quadrilaterals
D:7:      minmay_klotski, layout_basic, grunt_temple_overflow_open,
          minmay_misc_feat_columns, dreamdust_princess_corridor,
          nicolae_shop_gadgets
D:8:      layout_rooms, david_lair_shrubbed, kennysheep_kite_vault, uniq_pikel
D:9:      layout_small_grid, kennysheep_boxes, uniq_erolcha

Notes
Turn   | Place    | Note
-------+----------+-------------------------------------------
     0 | D:1      | spaghetti the Ogre Berserker began the quest for the Orb.
     0 | D:1      | Reached XP level 1. HP: 24/24 MP: 1/1
     0 | D:1      | magus.rc [v1.9.6]
   244 | D:1      | Reached XP level 2. HP: 30/33 MP: 2/2
   536 | D:1      | You pick up a book of Winter {forbidden} and begin
                  | reading...
   536 | D:1      | You add the spells Ozocubu's Armour, Metabolic Englaciation
                  | and Simulacrum to your library.
   931 | D:1      | Reached skill level 3 in Dodging
  1025 | D:2      | Found a shimmering altar of Xom.
  1111 | D:2      | Reached skill level 5 in Fighting
  1112 | D:2      | Reached XP level 3. HP: 42/42 MP: 3/3
  1481 | D:2      | Reached ** piety under Trog
  1543 | D:2      | HP: 10/42 [worm (10)]
  1781 | D:2      | You pick up a book of Vapours {forbidden} and begin
                  | reading...
  1781 | D:2      | You add the spells Poisonous Vapours and Corpse Rot to your
                  | library.
  2490 | D:3      | You pick up a book of Vapours {forbidden} and begin
                  | reading...
  2705 | D:3      | Reached skill level 1 in Throwing
  2705 | D:3      | Reached XP level 4. HP: 36/50 MP: 2/4
  3021 | D:3      | Reached skill level 6 in Fighting
  3021 | D:3      | Reached XP level 5. HP: 35/59 MP: 2/5
  3456 | D:3      | Found a faded altar of an unknown god.
  3580 | D:4      | Noticed a black bear
  3586 | D:4      | Killed a black bear
  3587 | D:4      | Reached skill level 2 in Throwing
  3587 | D:4      | Reached XP level 6. HP: 68/68 MP: 4/6
  3668 | D:4      | Reached skill level 7 in Fighting
  4036 | D:4      | Reached skill level 4 in Dodging
  4095 | D:4      | HP: 26/106 [gnoll/+2 vorpal spear (2)]
  4101 | D:4      | HP: 18/106 [gnoll/+2 vorpal spear (1)]
  4752 | D:5      | Entered Level 5 of the Dungeon
  4761 | D:5      | Reached XP level 7. HP: 79/79 MP: 4/7
  4770 | D:5      | Reached skill level 8 in Fighting
  4770 | D:5      | Reached skill level 3 in Throwing
  5010 | D:4      | HP: 26/120 [gnoll shaman/+0 club (5)]
  5391 | D:5      | Noticed Dowan
  5392 | D:5      | Noticed Duvessa
  5400 | D:5      | Killed Duvessa
  5409 | D:5      | Killed Dowan
  5412 | D:5      | Reached skill level 9 in Fighting
  5414 | D:5      | Identified the +4 mace of the Three Visionaries {drain,
                  | rF+++ rN++ Str-5 Int-3}
  5551 | D:5      | Reached XP level 8. HP: 88/92 MP: 5/8
  5622 | D:5      | Reached skill level 4 in Throwing
  5719 | D:5      | Reached skill level 5 in Dodging
  6081 | D:5      | Reached skill level 10 in Fighting
  6440 | D:6      | Reached *** piety under Trog
  6654 | D:6      | HP: 36/144 [something (3)]
  7066 | D:6      | Reached skill level 5 in Throwing
  7116 | D:6      | Found a staircase to the Ecumenical Temple.
  7242 | D:6      | Reached skill level 11 in Fighting
  7254 | D:6      | Reached XP level 9. HP: 60/105 MP: 3/9
  7769 | D:6      | Reached skill level 6 in Dodging
  8023 | D:6      | Identified a scroll of acquirement
  8030 | D:6      | Acquired a manual of Fighting
  8182 | D:7      | You pick up a book of Minor Magic {forbidden} and begin
                  | reading...
  8182 | D:7      | You add the spells Magic Dart, Call Imp and Mephitic Cloud
                  | to your library.
  8234 | D:7      | Reached skill level 12 in Fighting
  8491 | D:7      | Found Lime's Gadget Gallery.
  8588 | D:7      | Found a shimmering altar of Xom.
  8591 | D:7      | Found a basalt altar of Yredelemnul.
  8591 | D:7      | Found an ornate altar of the Wu Jian Council.
  8591 | D:7      | Found an iron altar of Okawaru.
  8591 | D:7      | Found a blossoming altar of Fedhas.
  8592 | D:7      | Found a hide-covered altar of Uskayaw.
  8912 | D:7      | Reached skill level 13 in Fighting
  9276 | D:8      | You add the spells Tukima's Dance, Passage of Golubria and
                  | Yara's Violent Unravelling to your library.
  9312 | D:8      | Noticed Pikel
  9314 | D:8      | Noticed a hornet
  9349 | D:8      | Reached skill level 14 in Fighting
  9363 | D:8      | Killed Pikel
  9364 | D:8      | Reached skill level 15 in Fighting
  9373 | D:8      | Reached skill level 16 in Fighting
  9433 | D:8      | Killed a hornet
  9437 | D:8      | Reached skill level 17 in Fighting
  9564 | D:8      | Reached XP level 10. HP: 99/129 MP: 8/10
  9740 | D:8      | Noticed a two-headed ogre
  9767 | D:8      | Reached skill level 18 in Fighting
  9778 | D:8      | HP: 45/199 [two-headed ogre/+0 giant club (28)]
  9782 | D:8      | HP: 17/199 [two-headed ogre/+0 giant club (29)]
 10166 | D:9      | Noticed a kobold demonologist
 10166 | D:9      | Noticed a kobold demonologist
 10167 | D:9      | Noticed a kobold demonologist
 10181 | D:8      | Killed a two-headed ogre
 10182 | D:8      | Reached skill level 19 in Fighting
 10424 | D:8      | You pick up a book of Changes {forbidden} and begin
                  | reading...
 10424 | D:8      | You add the spells Beastly Appendage, Wereblood and Spider
                  | Form to your library.
 10828 | D:8      | Reached skill level 20 in Fighting
 11401 | D:8      | Found a staircase to the Lair.
 11720 | D:7      | Reached skill level 6 in Throwing
 11887 | D:7      | Reached **** piety under Trog
 11903 | D:7      | Noticed a manticore
 12225 | D:7      | Killed a manticore
 12226 | D:7      | Reached skill level 7 in Dodging
 12500 | D:7      | Noticed an eight-headed hydra
 12502 | D:7      | Noticed a death knight
 12504 | D:7      | Noticed a cyclops
 12508 | D:7      | Reached XP level 11. HP: 143/146 MP: 11/11
 12526 | D:7      | HP: 53/219 [death knight/+3 glaive (14)]
 12527 | D:7      | HP: 16/219 [death knight/+3 glaive (21)]
 12528 | D:7      | HP: 6/219 [eight-headed hydra (7)]
 12528 | D:7      | HP: 1/219 [eight-headed hydra (5)]
 12529 | D:7      | Killed an eight-headed hydra
 12530 | D:7      | Reached skill level 7 in Throwing
 12534 | D:7      | Gained mutation: You are partially covered in iridescent
                  | scales. (AC +2) [potion of mutation]
 12534 | D:7      | Gained mutation: You have hidden genetic potential. [potion
                  | of mutation]
 12535 | D:7      | Annihilated by a death knight

Vanquished Creatures
  A two-headed ogre (D:8)
  Pikel (D:8)
  A manticore (D:7)
  A komodo dragon (D:8)
  A troll (D:7)
  A hornet (D:8)
  3 yaks (D:8)
  2 steam dragons (D:6)
  3 water moccasins
  Duvessa (D:5)
  A sky beast (D:6)
  2 orc warriors
  3 ice beasts
  2 black bears
  An ogre (D:7)
  A centaur (D:7)
  2 lemures (D:8)
  3 bullfrogs
  A necrophage (D:5)
  2 scorpions
  17 wights (D:8)
  Dowan (D:5)
  5 killer bees (D:9)
  3 jellies
  3 hounds
  2 gnoll shamans
  6 orc priests
  4 iguanas
  5 orc wizards
  12 gnolls
  2 adders
  A shadow imp (D:7)
  A white imp (D:7)
  2 ufetubi
  2 worms
  37 orcs
  3 endoplasms
  7 giant cockroaches
  8 goblins
  5 hobgoblins
  10 jackals
  11 kobolds
  3 quokkas
  2 ball pythons
  6 bats
  4 frilled lizards
  3 rats
198 creatures vanquished.

Vanquished Creatures (collateral kills)
  A hydra (D:7)
  An iguana (D:7)
2 creatures vanquished.

Vanquished Creatures (others)
  An orc wizard (D:6)
  84 plants
85 creatures vanquished.

Grand Total: 285 creatures vanquished

Table legend:
 A = Non-vault XP
 B = Vault XP
 C = Vault XP percentage of total XP
 D = Non-vault monster count
 E = Vault monster count
 F = Vault count percentage of total count
                 A         B        C        D         E       F
            +---------+---------+-------+---------+---------+-------
      Total |    6313 |    3884 |  38.1 |     169 |      30 |  15.1
            +---------+---------+-------+---------+---------+-------
        D:1 |      13 |      10 |  43.5 |       9 |       6 |  40.0
        D:2 |      41 |       8 |  16.3 |      22 |       5 |  18.5
        D:3 |     117 |       0 |   0.0 |      18 |       0 |   0.0
        D:4 |     536 |       0 |   0.0 |      32 |       0 |   0.0
        D:5 |     742 |     211 |  22.1 |      18 |       2 |  10.0
        D:6 |     797 |     285 |  26.3 |      13 |       4 |  23.5
        D:7 |     528 |    2391 |  81.9 |      20 |      11 |  35.5
        D:8 |    3221 |     979 |  23.3 |      31 |       2 |   6.1
        D:9 |     318 |       0 |   0.0 |       6 |       0 |   0.0
            +---------+---------+-------+---------+---------+-------

Illustrated notes

Table legend:
 A = Kills in this place as a percentage of kills in entire the game.
 B = Kills by you in this place as a percentage of kills by you in the entire game.
 C = Kills by friends in this place as a percentage of kills by friends in the entire game.
 D = Other kills in this place as a percentage of other kills in the entire game.
 E = Experience gained in this place as a percentage of experience gained in the entire game.
 F = Experience gained in this place divided by the number of levels of this place that you have seen.
                   A       B       C       D       E      F
               +-------+-------+-------+-------+-------+----------------------
         Total | 100.0 | 100.0 | 100.0 | 100.0 | 100.0 | 1133.0
       Dungeon | 100.0 | 100.0 | 100.0 | 100.0 | 100.0 | 1133.0
               +-------+-------+-------+-------+-------+----------------------

Table legend: (Time is in decaauts)
 A = Elapsed time spent in this place.
 B = Non-inter-level travel time spent in this place.
 C = Inter-level travel time spent in this place.
 D = Time resting spent in this place.
 E = Time spent auto-exploring this place.
 F = Levels seen in this place.
 G = Mean time per level.
                   A        B        C        D        E       F      G
               +--------+--------+--------+--------+--------+-----+--------+
         Total |  12673 |  12474 |    199 |   3034 |   7862 |   9 | 1408.1 |
       Dungeon |  12673 |  12474 |    199 |   3034 |   7862 |   9 | 1408.1 |
               +--------+--------+--------+--------+--------+-----+--------+

Top non-repeatable levels by time:
     D:7: 2207 daAuts
     D:8: 1847 daAuts
     D:6: 1769 daAuts
     D:4: 1611 daAuts
     D:2: 1539 daAuts
     D:3: 1261 daAuts
     D:5: 1113 daAuts
     D:1: 931 daAuts
     D:9: 392 daAuts
